 Dungeon Crawl Stone Soup version 0.29.1-15-g9cfb28693d (webtiles) character file.

Game seed: 15935440232183833392

37266 cdecastro the Severer (level 13, -1/113 HPs)
             Began as a Minotaur Fighter on Mar 5, 2023.
             Was a High Priest of Okawaru.
             Killed by divine providence
             ... invoked by a meliai
              (15 damage)
             ... on level 15 of the Dungeon.
             The game lasted 00:42:54 (17580 turns).

cdecastro the Severer (Minotaur Fighter)           Turns: 17580, Time: 00:42:55

Health: -1/113     AC: 19    Str: 24    XL:     13   Next: 57%
Magic:  16/18      EV: 19    Int:  8    God:    Okawaru [*****.]
Gold:   638        SH:  0    Dex: 18    Spells: 12/12 levels left

rFire   . . .      SeeInvis .   Q - +2 battleaxe
rCold   . . .      Faith    +   (shield currently unavailable)
rNeg    + . .      Spirit   .   b - +1 scale mail "Cobiogg" {Will++ Int+3}
rPois   .          Reflect  .   X - +1 hat
rElec   .          Harm     .   P - +0 cloak
rCorr   .          Rampage  .   N - +1 pair of gloves
Will    ++...                   W - +1 pair of boots
Stlth   ++........              h - amulet of faith
HPRegen 0.28/turn               Y - +6 ring of dexterity
MPRegen 0.16/turn               E - ring of positive energy

@: heroic
A: horns 2, retaliatory headbutt
a: Renounce Religion, Heroism, Finesse, Duel


You were on level 15 of the Dungeon.
You worshipped Okawaru.
Okawaru was extremely pleased with you.
You visited 2 branches of the dungeon, and saw 16 of its levels.

You collected 764 gold pieces.
You spent 126 gold pieces at shops.

Inventory:

Hand Weapons
 a - a +0 war axe
 L - a +6 eveningstar
 Q - a +2 battleaxe (weapon)
Missiles
 k - 32 poisoned darts (quivered)
 B - 3 boomerangs
 F - 6 javelins
 M - 4 silver javelins
 O - 5 curare-tipped darts
 V - 9 datura-tipped darts
Armour
 b - the +1 scale mail "Cobiogg" (worn) {Will++ Int+3}
   (Okawaru gifted it to you on level 14 of the Dungeon)

   Int:       It affects your intelligence (+3).
   Will:      It greatly increases your willpower.
 c - a +0 buckler
 y - a +0 plate armour
 N - a +1 pair of gloves (worn)
 P - a +0 cloak (worn)
 W - a +1 pair of boots (worn)
 X - a +1 hat (worn)
Jewellery
 h - an amulet of faith (around neck)
 t - an amulet of regeneration
 A - a ring of magical power
 E - a ring of positive energy (right hand)
 H - an amulet of the acrobat
 Y - a +6 ring of dexterity (left hand)
Wands
 o - a wand of iceblast (5)
 x - a wand of flame (16)
 I - a wand of polymorph (6)
 T - a wand of acid (13)
Scrolls
 f - a scroll of silence
 m - 2 scrolls of poison {unknown}
 n - 5 scrolls of enchant weapon {unknown}
 p - 4 scrolls of noise {unknown}
 q - 6 scrolls of teleportation
 r - 5 scrolls of immolation {unknown}
 s - 2 scrolls of blinking {unknown}
 v - 2 scrolls of fog {unknown}
 w - 5 scrolls of enchant armour {unknown}
 C - 2 scrolls of magic mapping
 G - a scroll of brand weapon
 K - 2 scrolls of amnesia
 R - a scroll of summoning
 S - a scroll of fear
Potions
 d - a potion of might
 g - 3 potions of attraction
 i - 3 potions of ambrosia
 j - 4 potions of flight
 l - 5 potions of heal wounds
 u - 5 potions of brilliance
 z - 2 potions of mutation
 D - a potion of cancellation
 J - 6 potions of curing
 U - 3 potions of lignification
 Z - 2 potions of haste
Miscellaneous
 e - a lightning rod (4/4)


   Skills:
 - Level 10.0(15.0) Fighting
 - Level 19.0(24.0) Axes
 - Level 5.0(10.0) Throwing
 - Level 10.0(15.0) Armour
 + Level 9.3(14.3) Dodging
 - Level 5.0(10.0) Shields
 - Level 9.0 Invocations


You had 12 spell levels left.
You didn't know any spells.
Your spell library contained the following spells:

 Spells                   Type           Power      Damage    Failure   Level
 Foxfire                  Conj/Fire      0%         2x1d4     63%         1
 Freeze                   Ice            0%         1d3       63%         1
 Magic Dart               Conj           0%         1d3       63%         1
 Ensorcelled Hibernation  Hex/Ice        0%         N/A       77%         2
 Passwall                 Tmut/Erth      0%         N/A       77%         2
 Searing Ray              Conj           0%         2d4       77%         2
 Conjure Flame            Conj/Fire      0%         6-21      94%         3
 Frozen Ramparts          Ice            0%         1d1       94%         3
 Gell's Gravitas          Tloc           0%         N/A       94%         3
 Ignite Poison            Fire/Tmut/Pois 0%         N/A       94%         3
 Inner Flame              Hex/Fire       0%         N/A       94%         3
 Lesser Beckoning         Tloc           0%         N/A       94%         3
 Mephitic Cloud           Conj/Pois/Air  0%         N/A       94%         3
 Portal Projectile        Hex/Tloc       0%         N/A       94%         3
 Swiftness                Air            0%         N/A       94%         3
 Teleport Other           Tloc           0%         N/A       94%         3
 Flame Wave               Conj/Fire      0%         2d4       100%        4
 Fulminant Prism          Conj/Hex       0%         3d6       100%        4
 Hailstorm                Conj/Ice       0%         3d3       100%        4
 Leda's Liquefaction      Hex/Erth       0%         N/A       100%        4
 Sticky Flame             Conj/Fire      0%         2d3       100%        4
 Borgnjor's Vile Clutch   Necr/Erth      0%         N/A       100%        5
 Freezing Cloud           Conj/Ice/Air   0%         6-21      100%        5
 Lee's Rapid Deconstruct  Erth           0%         3d5*      100%        5
 Dispersal                Tloc           0%         N/A       100%        6
 Statue Form              Tmut/Erth      0%         N/A       100%        6
 Shatter                  Erth           0%         3d5*      100%        9
 Call Canine Familiar     Summ           Unusable   N/A       N/A         3

Dungeon Overview and Level Annotations

Branches:
Dungeon (15/15)            Temple (1/1) D:7            Lair (0/5) D:9
    Orc (0/2) D:11         Vaults (0/5) D:14
 Depths: D:15

Altars:
Ashenzari
Cheibriados
Dithmenos
Elyvilon
Fedhas
Gozag
Hepliaklqana
Kikubaaqudgha
Makhleb
Nemelex Xobeh
Okawaru
Qazlal
Ru
Sif Muna
Trog
Uskayaw
Vehumet
Wu Jian
Xom
Yredelemnul
Zin
The Shining One

Shops:
D:1 [   D:2 (   D:3 (   D:7 *   D:11 (

Annotations:
D:12 5 runed translucent doors, Rupert
D:13 Erolcha
D:15 Louise


Innate Abilities, Weirdness & Mutations

You have a pair of horns on your head.
You reflexively headbutt those who attack you in melee.


Message History

The meliai barely misses you. You furiously retaliate!
You headbutt the meliai!
The meliai stings you but does no damage.
The meliai calls upon its god to heal the meliai.
The meliai's wounds heal themselves!
The meliai hits you but does no damage.
The meliai misses you. x2; The meliai stings you.
* * * LOW HITPOINT WARNING * * *
You are more poisoned.
The meliai poisons you!
You feel better.
The meliai hits you with a +0 long sword.
* * * LOW HITPOINT WARNING * * *
The meliai misses you. The meliai hits you but does no damage.
The meliai closely misses you. x2; The meliai barely misses you. x2
The meliai closely misses you.
Unknown command.
You slice the meliai!!
You kill the meliai!
Okawaru accepts your kill.
You closely miss the meliai. The meliai misses you.
The meliai closely misses you.
Unknown command.
You slice the meliai!!
The meliai is almost dead.
You closely miss the meliai.
The meliai hits you with a +0 broad axe of electrocution!
* * * LOW HITPOINT WARNING * * *
The meliai closely misses you. The meliai hits you but does no damage.
The meliai stings you but does no damage.
You slice the meliai!!
You kill the meliai!
Okawaru accepts your kill.
You closely miss the meliai. The meliai closely misses you.
The meliai misses you.
The meliai calls down the wrath of its god upon you.
Something smites you!
* * * LOW HITPOINT WARNING * * *
The meliai closely misses you. The meliai misses you.
The meliai invokes the aid of its god against you.
Something smites you!
You die...

# ####### ####### #.#####
#.....# #...... ..#.....#
#.....# #.##### #.#.#..#
#.....# #.#.... #...#.#
+.....# #.#.###
#.....######.....###'#.##
#.†..y#.............#
#.####@..##..##......#
..# #.####..#.......#
..#. #.# #..###....)##
#.. # #.. #.....#'#....
#. .#. #.###.#.##### # #
.. #.###.#....# ..
#...#.####)# ..##...'.#
##.## #...### #....


You could see a meliai.

Vanquished Creatures
  An ettin (D:15)
  2 hydras
  3 two-headed ogres
  3 centaur warriors
  2 ogre magi (D:14)
  Urug (D:14)
  A tengu warrior (D:14)
  The ghost of BuddhaDhamma the Severer, a novice MiBe of Trog (D:7)
  4 skeletal warriors
  A deep troll (D:15)
  A necromancer (D:15)
  A lindwurm (D:14)
  A deep elf pyromancer (D:13)
  4 cyclopes
  5 ugly things
  An orc sorcerer (D:15)
  A manticore (D:12)
  A black mamba (D:12)
  A black mamba (shapeshifter) (D:14)
  2 gargoyles
  A kobold demonologist (D:13)
  An unseen horror (D:13)
  A yaktaur (D:15)
  A komodo dragon (D:9)
  A queen bee (D:10)
  3 trolls
  2 meliai (D:15)
  Grinder (D:5)
  17 slime creatures
  Sigmund (D:3)
  A shadow (D:12)
  4 wraiths
  A centaur simulacrum (D:15)
  29 yaks
  3 wyverns (D:9)
  16 humans
  2 basilisks
  2 steam dragons
  13 vampire mosquitoes
  Edmund (D:6)
  3 water moccasins
  An orc warrior (D:9)
  A sky beast (D:6)
  An ice beast (D:4)
  2 black bears
  A phantom (D:6)
  3 centaurs
  Blork the orc (D:5)
  A kobold brigand (D:10)
  3 necrophages
  2 bullfrogs
  2 scorpions
  8 wights
  20 killer bees
  2 howler monkeys (D:10)
  3 electric eels
  A gnoll bouda (D:5)
  3 hounds (D:5)
  Terence (D:2)
  3 iguanas
  6 orc wizards
  Robin (D:3)
  10 gnolls
  3 adders
  4 shadow imps
  2 white imps
  2 worms (D:3)
  2 dart slugs
  33 orcs
  5 bats
  6 endoplasms
  3 giant cockroaches
  15 goblins
  11 hobgoblins
  3 quokkas (D:4)
  5 ball pythons
  8 kobolds
  3 rats
322 creatures vanquished.

Vanquished Creatures (others)
  15 bushes (D:15)
  6 fungi (D:10)
  11 plants (D:10)
32 creatures vanquished.

Grand Total: 354 creatures vanquished

Notes
Turn   | Place    | Note
-------+----------+-------------------------------------------
     0 | D:1      | cdecastro the Minotaur Fighter began the quest for the Orb.
     0 | D:1      | Reached XP level 1. HP: 19/19 MP: 0/0
   103 | D:1      | Reached skill level 3 in Axes
   135 | D:1      | Found a faded altar of an unknown god.
   145 | D:1      | Reached XP level 2. HP: 23/26 MP: 1/1
   543 | D:1      | Found Gas Hipty's Armour Emporium.
   658 | D:1      | Reached skill level 4 in Axes
   791 | D:2      | Reached XP level 3. HP: 24/31 MP: 2/2
   897 | D:2      | Noticed Terence
   914 | D:2      | Killed Terence
   915 | D:2      | Reached skill level 5 in Axes
  1381 | D:2      | Reached XP level 4. HP: 39/39 MP: 3/3
  1616 | D:2      | Found Dyisomec's Antique Weapon Emporium.
  1933 | D:3      | Noticed a water moccasin
  1950 | D:3      | Killed a water moccasin
  1951 | D:3      | Reached skill level 6 in Axes
  1951 | D:3      | Reached XP level 5. HP: 38/45 MP: 4/4
  2047 | D:3      | Noticed Sigmund
  2069 | D:3      | Killed Sigmund
  2070 | D:3      | Reached skill level 8 in Axes
  2070 | D:3      | Reached XP level 6. HP: 46/51 MP: 5/5
  2108 | D:3      | Found Omuwot's Antique Weapon Shop.
  2148 | D:3      | Found a sacrificial altar of Ru.
  2258 | D:3      | Noticed Robin
  2269 | D:3      | Killed Robin
  2377 | D:3      | Found a shadowy altar of Dithmenos.
  2625 | D:4      | Noticed an ice beast
  2642 | D:4      | Killed an ice beast
  2643 | D:4      | Reached skill level 9 in Axes
  2643 | D:4      | Reached XP level 7. HP: 32/57 MP: 6/6
  2873 | D:4      | Reached skill level 10 in Axes
  3419 | D:5      | Entered Level 5 of the Dungeon
  3481 | D:5      | Noticed Grinder
  3740 | D:5      | Paralysed by Grinder for 4 turns
  3761 | D:5      | Killed Grinder
  3762 | D:5      | Reached skill level 11 in Axes
  3762 | D:5      | Reached XP level 8. HP: 67/67 MP: 7/7
  3835 | D:5      | Noticed Blork the orc
  3845 | D:5      | Killed Blork the orc
  3846 | D:5      | Reached skill level 5 in Fighting
  4150 | D:5      | Found a burning altar of Makhleb.
  4155 | D:5      | Found a sparkling altar of Nemelex Xobeh.
  4155 | D:5      | Found a glowing silver altar of Zin.
  4316 | D:6      | Got the Secrets of the Viper
  4356 | D:6      | Noticed Edmund
  4384 | D:6      | Killed Edmund
  4548 | D:6      | Found a broken altar of Ashenzari.
  4918 | D:7      | Found Liorope's General Store.
  4959 | D:7      | Noticed BuddhaDhamma's ghost (novice MiBe)
  4997 | D:7      | Reached skill level 10 in Fighting
  4997 | D:7      | Reached XP level 9. HP: 79/85 MP: 8/8
  5017 | D:7      | Reached skill level 12 in Axes
  5102 | D:7      | Reached skill level 5 in Armour
  5117 | D:7      | Reached skill level 13 in Axes
  5189 | D:7      | Found a runed translucent door.
  5225 | D:7      | Found a staircase to the Ecumenical Temple.
  5239 | D:7      | You fall into a shaft and drop 3 floors!
  5239 | D:10     | Entered Level 10 of the Dungeon
  5446 | D:10     | Reached skill level 14 in Axes
  5507 | D:10     | Reached skill level 1 in Dodging
  5514 | D:10     | Reached XP level 10. HP: 83/93 MP: 9/9
  5934 | D:7      | Bought a scroll of teleportation for 42 gold pieces
  5934 | D:7      | Bought a scroll of teleportation for 42 gold pieces
  5934 | D:7      | Bought a scroll of teleportation for 42 gold pieces
  6278 | D:7      | Killed BuddhaDhamma's ghost
  6279 | D:7      | Reached skill level 5 in Dodging
  6307 | D:7      | Found a shimmering blue altar of Sif Muna.
  6445 | D:7      | Found an ancient bone altar of Kikubaaqudgha.
  6657 | Temple   | Entered the Ecumenical Temple
  6702 | Temple   | Became a worshipper of Warmaster Okawaru
  6987 | D:8      | Reached skill level 15 in Axes
  7305 | D:8      | Reached * piety under Okawaru
  7398 | D:9      | Noticed a four-headed hydra
  7409 | D:9      | Killed a four-headed hydra
  7410 | D:9      | Reached skill level 16 in Axes
  7410 | D:9      | Reached skill level 1 in Throwing
  7528 | D:9      | Noticed a gargoyle
  7596 | D:9      | Killed a gargoyle
  7757 | D:9      | Reached XP level 11. HP: 88/99 MP: 12/12
  7858 | D:9      | Identified the +1 chain mail of Gallantry {Str-2 Int+6
                  | Dex+2}
  8004 | D:9      | Found a staircase to the Lair.
  8012 | D:9      | Reached ** piety under Okawaru
  8128 | D:9      | Noticed a two-headed ogre
  8139 | D:9      | Killed a two-headed ogre
  8484 | D:9      | Reached skill level 5 in Throwing
  9200 | D:11     | Found a staircase to the Orcish Mines.
  9330 | D:11     | Reached *** piety under Okawaru
  9344 | D:11     | Reached skill level 17 in Axes
  9476 | D:11     | Found Qagurr's Antique Weapon Shoppe.
  9928 | D:11     | Received a gift from Okawaru
 10099 | D:12     | Noticed a two-headed ogre
 10129 | D:12     | Killed a two-headed ogre
 10129 | D:12     | Received a gift from Okawaru
 10246 | D:12     | Reached skill level 18 in Axes
 10265 | D:12     | Reached **** piety under Okawaru
 10351 | D:12     | Noticed a brown ugly thing
 10351 | D:12     | Noticed a cyan ugly thing
 10365 | D:12     | Killed a brown ugly thing
 10366 | D:12     | Reached skill level 5 in Shields
 10368 | D:12     | Killed a cyan ugly thing
 10589 | D:12     | Noticed Sonja
 10596 | D:12     | Noticed a two-headed ogre
 10599 | D:12     | Noticed Sonja
 10599 | D:12     | Sonja changed into Sonja the black mamba
 10607 | D:12     | Killed Sonja the black mamba
 10608 | D:12     | Reached skill level 5 in Invocations
 10608 | D:12     | Reached XP level 12. HP: 74/106 MP: 14/14
 10620 | D:12     | Killed a two-headed ogre
 10620 | D:12     | Reached ***** piety under Okawaru
 11676 | D:12     | Noticed Rupert
 11682 | D:12     | Found the +9 staff of Olgreb {rPois∞}
 11709 | D:12     | Found a runed translucent door.
 11714 | D:12     | Found a runed translucent gate.
 11714 | D:12     | Found a runed translucent gate.
 11715 | D:12     | Found a runed translucent door.
 11737 | D:12     | Found a runed translucent gate.
 11822 | D:12     | Paralysed by Rupert for 3 turns
 11962 | D:13     | Received a gift from Okawaru
 12321 | D:13     | Noticed Erolcha
 12527 | D:13     | Received a gift from Okawaru
 12824 | D:13     | Found a snail-covered altar of Cheibriados.
 12974 | D:14     | Noticed Nessos
 12974 | D:14     | Noticed Urug
 12974 | D:14     | Noticed an ogre mage
 12974 | D:14     | Noticed a two-headed ogre
 12974 | D:14     | Found a gate to the Vaults.
 12977 | D:13     | Noticed a centaur warrior
 12986 | D:13     | Killed a centaur warrior
 12986 | D:13     | Received a gift from Okawaru
 12989 | D:13     | Reached skill level 19 in Axes
 13288 | D:14     | Noticed a centaur warrior
 13312 | D:14     | Killed a centaur warrior
 13697 | D:14     | Noticed a six-headed hydra
 13721 | D:14     | Killed a six-headed hydra
 13976 | D:14     | Noticed an ogre mage
 13984 | D:14     | Killed an ogre mage
 14242 | D:14     | Noticed Nessos
 14242 | D:14     | Nessos changed into Nessos the lindwurm
 14424 | D:14     | Killed an ogre mage
 14467 | D:14     | Noticed a seven-headed hydra
 14536 | D:14     | Killed Nessos the lindwurm
 14537 | D:14     | Reached XP level 13. HP: 112/113 MP: 18/18
 14770 | D:14     | Identified the +1 scale mail "Cobiogg" {Will++ Int+3}
                  | (Okawaru gifted it to you on level 14 of the Dungeon)
 14770 | D:14     | Received a gift from Okawaru
 14816 | D:14     | Killed Urug
 15394 | D:14     | Reached skill level 10 in Armour
 15904 | D:15     | Entered Level 15 of the Dungeon
 16814 | D:15     | Paralysed by an orc sorcerer for 3 turns
 16815 | D:15     | Noticed an ettin
 16827 | D:15     | Paralysed by an orc sorcerer for 2 turns
 17048 | D:15     | Noticed Louise
 17329 | D:15     | Killed an ettin
 17560 | D:15     | Received a gift from Okawaru
 17580 | D:15     | Killed from afar by a meliai

Illustrated notes

Levels and vault maps discovered:
D:1:      minmay_arrival_open_corners, layout_loops_ring,
          hellmonk_ecumenical_altar_crossroads, serial_shops,
          nicolae_lakefront_shop, grunt_decor_resistance
D:2:      layout_basic, serial_shops, shop, minmay_goblin_outpost, uniq_terence
D:3:      layout_loops_ring, lemuel_round_altar, marbit_many_paths,
          serial_shops, shop, uniq_sigmund, uniq_robin
D:4:      layout_loops_ring, minmay_checkerbox
D:5:      layout_basic, grunt_temple_overflow_open, kennysheep_another_room,
          minmay_statues_item, hangedman_abyss_or_decor_passed, uniq_grinder,
          uniq_blork_the_orc
D:6:      layout_rooms, mainiacjoe_overflow_brackets, uniq_edmund
D:7:      layout_gridville, general_overflow_altar,
          mainiacjoe_overflow_surrounded_room, minmay_temple_entry_waves,
          hellmonk_ghost_happy_afterlife, serial_shops, nicolae_take_the_stairs,
          corexii_checkpoint_a
D:8:      layout_cave_pools, fountainhead
D:9:      layout_small_grid, erik_lair_dragon, amethyst_killhole
D:10:     layout_basic, dreamdust_mushroom_princess, nicolae_lava_and_water,
          nicolae_looking_at_the_future
D:11:     layout_rooms, orc_0_dummy, serial_rivers,
          chequers_serial_rivers_small_3, chequers_serial_rivers_micro_b,
          chequers_serial_rivers_small_3, chequers_serial_rivers_small_b,
          serial_shops, nicolae_shop_waterfront,
          amcnicky_mini_rare_corridor_liquid
D:12:     nicolae_cairo_tiling, layout_layer_cave,
          minmay_guarded_unrand_staff_of_olgreb, uniq_sonja, uniq_rupert
D:13:     layout_roguey, minmay_crystal_room, cheibriados_altar_1, uniq_erolcha
D:14:     layout_stronghold, david_vaults_3, st_stairs_1,
          kennysheep_generic_room_5
D:15:     hangedman_depths_entry_civil_slaughter, layout_basic,
          minmay_hedge_maze, chequers_guarded_unrand_ignorance, uniq_nessos,
          uniq_louise
Temple:   nicolae_temple_ecumenical_triangle

Skill      XL: |  1  2  3  4  5  6  7  8  9 10 11 12 13 |
---------------+----------------------------------------+-----
Axes           | 3 4 5 6 8 9 11 14 16 18 19 | 19.0
Fighting       | 4 10 | 10.0
Armour         | 5 8 10 | 10.0
Dodging        | 2 5 9 |  9.3
Throwing       | 2 5 |  5.0
Invocations    | 3 5 9 |  9.0
Shields        | 5 |  5.0

Action                   |  1- 3 |  4- 6 |  7- 9 | 10-12 | 13-15 || total
-------------------------+-------+-------+-------+-------+-------++-------
Melee: War axe           |    52 |   101 |   274 |    33 |       ||   460
       Headbutt          |     2 |    16 |    56 |   129 |    45 ||   248
       Punch             |       |       |     3 |       |       ||     3
       Battleaxe         |       |       |       |   488 |   180 ||   668
       Flail             |       |       |       |     6 |       ||     6
Throw: Boomerang         |       |       |       |    33 |       ||    33
       Dart              |       |       |       |     4 |     2 ||     6
Invok: Heroism           |       |       |       |     8 |     3 ||    11
       Finesse           |       |       |       |     1 |       ||     1
Evoke: Wand              |       |       |       |     6 |       ||     6
  Use: Potion            |       |     1 |     1 |     1 |     1 ||     4
       Scroll            |       |       |       |    18 |     1 ||    19
Armor: Scale mail        |    19 |       |       |       |    14 ||    33
       Chain mail        |     4 |    51 |    19 |       |       ||    74
       Plate armour      |       |       |   116 |   256 |    69 ||   441
Dodge: Dodged            |    24 |    42 |    74 |   214 |    75 ||   429
